AoeStats
← VastStarling392

Nomad

509721279Analyzed
2v2 RM · 5d ago on Sep 27, 2026· 41m 2s· 4 players
Game mode
Random Map
Map size
176×176
Population
200
Speed
Normal
Resources
Standard
Victory
Conquest
Starting age
Dark Age
Ending age
Imperial Age
RankedLock teamsTeams togetherTeam positionsShared explorationLock speedFull tech treeHidden civsTurbo modeCheats
Victory
Defeat
🇬🇧 Persians · United Kingdom
965
+17
🇬🇧 Celts · United Kingdom
859
+21
🇨🇴 Berbers · Colombia
993
-20
🇨🇿 Khmer · Czechia
958
-18
VastStarling392
6:42 Loom
16:55 Feudal Age
17:46 Gold Mining
20:48 Castle Age
19:19 Double-Bit Axe
19:54 Stone Mining
24:33 Fletching
26:06 Stone Shaft Mining
25:23 Fishing Lines
26:35 Bodkin Arrow
27:17 Ballistics
29:43 Wheelbarrow
29:37 Horse Collar
30:58 Murder Holes
32:08 Heavy Plow
39:27 Imperial Age
37:15 Masonry
38:55 Forging
38:50 Scale Barding Armor
39:00 Bloodlines
40:53 Gold Shaft Mining
cesaruseche1
12:36 Loom
14:51 Feudal Age
14:55 Man-at-Arms
17:06 Double-Bit Axe
22:15 Horse Collar
Bad Boy Bidwa
15:36 Feudal Age
16:11 Loom
18:06 Bloodlines
20:29 Castle Age
19:35 Forging
19:30 Scale Barding Armor
19:45 Bloodlines
22:47 Double-Bit Axe
26:27 Stone Mining
26:57 Horse Collar
27:50 Bow Saw
27:55 Heavy Plow
29:03 Gold Mining
30:37 Husbandry
32:23 Scale Barding Armor
32:54 Iron Casting
32:33 Fletching
33:07 Ballistics
35:41 Imperial Age
33:47 Wheelbarrow
34:58 Bodkin Arrow
39:53 Crop Rotation
40:23 Two-Man Saw
HELLBLAZER
15:20 Loom
17:53 Feudal Age
16:11 Loom
19:29 Wheelbarrow
19:31 Gold Mining
21:46 Fletching
24:53 Castle Age
25:45 Double-Bit Axe
28:44 Stone Mining
40:59 Imperial Age
39:22 Town Watch
39:35 Gambesons
40:11 Pikeman
41:26 Bodkin Arrow
Connection lost

Rejoining the realm…

Still unreachable

The connection could not be restored.

Session expired

The server has moved on; the page needs a fresh start.